| TOP OF THE 1ST |
|
Victoria Capitals batting - Pitching for Americus Braves : RHP Ioakim Mozgo
|
|
Pitching: RHP Ioakim Mozgo
|
|
|
Batting: LHB Addisu Nyamekye
|
0-0: Called Strike 0-1: Swinging Strike 0-2: Foul Ball, location: 2F 0-2: Ball 1-2: Strikes out swinging
|
|
Batting: LHB Taki Matsui
|
0-0: Called Strike 0-1: Ball 1-1: Ball 2-1: Ball 3-1: Called Strike 3-2: Foul Ball, location: 2F 3-2: Base on Balls
|
|
Batting: RHB Nick Edmunds
|
0-0: Ball 1-0: Fly out, F8 (Flyball, 8RXD, EV 85.0 MPH)
|
|
Batting: RHB Jesus Santiago
|
0-0: Swinging Strike 0-1: Ball 1-1: Ball 2-1: Called Strike 2-2: Fielders Choice at 2nd, 5-4 (Groundball, 56, EV 87.5 MPH)
|
| Top of the 1st over - 0 runs, 0 hits, 0 errors, 1 left on base; Victoria 0 - Americus 0 |
| BOTTOM OF THE 1ST |
|
Americus Braves batting - Pitching for Victoria Capitals : RHP Raul Lopez
|
|
Pitching: RHP Raul Lopez
|
|
|
Batting: RHB Joe Young
|
0-0: Called Strike 0-1: Ball 1-1: SINGLE (Line Drive, 89M, EV 90.6 MPH)
|
|
Batting: SHB Jose Melendez
|
0-0: Ball 1-0: Called Strike 1-1: Foul Ball, location: 2F 1-2: Strikes out looking
|
|
Batting: LHB Ryan Murdock
|
0-0: Called Strike Joe Young steals 2nd base 0-1: Ball 1-1: Swinging Strike 1-2: SINGLE (Groundball, 4MD, EV 104.4 MPH) Joe Young to third Runner from 3rd tries for Home, throw by CF and OUT! 8-2 Ryan Murdock to second
|
|
Batting: RHB Josh McCormick
|
0-0: Ball 1-0: Ball 2-0: Ball 3-0: Called Strike 3-1: Base on Balls
|
|
Batting: RHB Terry Hughes
|
0-0: Swinging Strike 0-1: Ball 1-1: Called Strike 1-2: Ball 2-2: Foul Ball, location: 2F 2-2: Ball 3-2: Strikes out swinging
|
| Bottom of the 1st over - 0 runs, 2 hits, 0 errors, 2 left on base; Victoria 0 - Americus 0 |
| TOP OF THE 2ND |
|
Victoria Capitals batting - Pitching for Americus Braves : RHP Ioakim Mozgo
|
|
Batting: SHB Ray Skogen
|
0-0: Foul Ball, location: 2F 0-1: Ball 1-1: Foul Ball, location: 2F 1-2: Ball 2-2: Ball 3-2: Foul Ball, location: 2F 3-2: Strikes out swinging
|
|
Batting: SHB Frank Amato
|
0-0: Ball 1-0: Called Strike 1-1: Called Strike 1-2: Foul Ball, location: 2F 1-2: Ball 2-2: Ball 3-2: Base on Balls
|
|
Batting: RHB Jung-wan Aan
|
0-0: Called Strike 0-1: Foul Ball, location: 2F 0-2: Foul Ball, location: 2F 0-2: Grounds into double play, 6-4-3 (Groundball, 6, EV 104.4 MPH)
|
| Top of the 2nd over - 0 runs, 0 hits, 0 errors, 0 left on base; Victoria 0 - Americus 0 |
| BOTTOM OF THE 2ND |
|
Americus Braves batting - Pitching for Victoria Capitals : RHP Raul Lopez
|
|
Batting: LHB Mark Dearth
|
0-0: Foul Ball, location: 2F 0-1: Fly out, F4 (Popup, 34S, EV 82.5 MPH)
|
|
Batting: LHB Tamaichi Sasada
|
0-0: Ball 1-0: Swinging Strike 1-1: Ground out U3 (Groundball, 3L, EV 81.2 MPH)
|
|
Batting: RHB Gerard Michel
|
0-0: Ball 1-0: Ball 2-0: Foul Ball, location: 2F 2-1: SINGLE (Groundball, 56D, EV 102.5 MPH)
|
|
Batting: RHB George Provance
|
0-0: Ball 1-0: Called Strike 1-1: SINGLE (Groundball, 6S, EV 58.8 MPH) (infield hit) Gerard Michel to second
|
|
Batting: RHB Joe Young
|
0-0: Foul Ball, location: 2F 0-1: Ground out U3 (Groundball, 3L, EV 87.5 MPH)
|
| Bottom of the 2nd over - 0 runs, 2 hits, 0 errors, 2 left on base; Victoria 0 - Americus 0 |
| TOP OF THE 3RD |
|
Victoria Capitals batting - Pitching for Americus Braves : RHP Ioakim Mozgo
|
|
Batting: RHB Danny Pujols
|
0-0: Called Strike 0-1: Ball 1-1: Ground out 5-3 (Groundball, 56, EV 89.4 MPH)
|
|
Batting: RHB David Greene
|
0-0: Swinging Strike 0-1: Ball 1-1: Fly out, F2 (Popup, 2RF, EV 88.1 MPH)
|
|
Batting: LHB Addisu Nyamekye
|
0-0: Called Strike 0-1: Ball 1-1: Ball 2-1: Foul Ball, location: 2F 2-2: SINGLE (Groundball, 6MS, EV 85.6 MPH) (infield hit)
|
|
Batting: LHB Taki Matsui
|
0-0: Ball 1-0: Ball 2-0: Ball Addisu Nyamekye is caught stealing 2nd base 2-6
|
| Top of the 3rd over - 0 runs, 1 hit, 0 errors, 0 left on base; Victoria 0 - Americus 0 |
| BOTTOM OF THE 3RD |
|
Americus Braves batting - Pitching for Victoria Capitals : RHP Raul Lopez
|
|
Batting: SHB Jose Melendez
|
0-0: SINGLE (Flyball, 5D, EV 86.2 MPH)
|
|
Batting: LHB Ryan Murdock
|
0-0: Foul Ball, location: 2F 0-1: Called Strike 0-2: Ball Jose Melendez steals 2nd base 1-2: Hit by Pitch
|
|
Batting: RHB Josh McCormick
|
0-0: Ball 1-0: Ball 2-0: Ball 3-0: Called Strike 3-1: 3-RUN HOME RUN (Flyball, 7LD, EV 96.2 MPH), Distance : 366 ft
|
|
Batting: RHB Terry Hughes
|
0-0: Called Strike 0-1: Called Strike 0-2: Strikes out swinging
|
|
Batting: LHB Mark Dearth
|
0-0: Ball 1-0: Called Strike 1-1: Ball 2-1: Reached via error on a dropped throw from SS, E3 (Groundball, 6, EV 93.8 MPH)
|
|
Batting: LHB Tamaichi Sasada
|
0-0: Called Strike 0-1: Foul Ball, location: 2F 0-2: Strikes out swinging
|
|
Batting: RHB Gerard Michel
|
0-0: Called Strike 0-1: Foul Ball, location: 2F 0-2: Ground out 6-3 (Groundball, 6M, EV 105.6 MPH)
|
| Bottom of the 3rd over - 3 runs, 2 hits, 1 error, 1 left on base; Victoria 0 - Americus 3 |
| TOP OF THE 4TH |
|
Victoria Capitals batting - Pitching for Americus Braves : RHP Ioakim Mozgo
|
|
Batting: LHB Taki Matsui
|
0-0: Called Strike 0-1: Foul Ball, location: 2F 0-2: Ball 1-2: Strikes out swinging
|
|
Batting: RHB Nick Edmunds
|
0-0: Ball 1-0: Called Strike 1-1: Ball 2-1: Foul Ball, location: 2F 2-2: Fly out, F8 (Line Drive, 8LM, EV 97.5 MPH)
|
|
Batting: RHB Jesus Santiago
|
0-0: Ball 1-0: Foul Ball, location: 2F 1-1: Swinging Strike 1-2: Strikes out swinging
|
| Top of the 4th over - 0 runs, 0 hits, 0 errors, 0 left on base; Victoria 0 - Americus 3 |
| BOTTOM OF THE 4TH |
|
Americus Braves batting - Pitching for Victoria Capitals : RHP Raul Lopez
|
|
Batting: RHB George Provance
|
0-0: Ball 1-0: Called Strike 1-1: Ball 2-1: Called Strike 2-2: Ball 3-2: Foul Ball, location: 2F 3-2: Strikes out swinging
|
|
Batting: RHB Joe Young
|
0-0: Called Strike 0-1: Swinging Strike 0-2: Ball 1-2: Strikes out looking
|
|
Batting: SHB Jose Melendez
|
0-0: Ball 1-0: Called Strike 1-1: Foul Ball, location: 2F 1-2: Strikes out swinging
|
| Bottom of the 4th over - 0 runs, 0 hits, 0 errors, 0 left on base; Victoria 0 - Americus 3 |
| TOP OF THE 5TH |
|
Victoria Capitals batting - Pitching for Americus Braves : RHP Ioakim Mozgo
|
|
Batting: SHB Ray Skogen
|
0-0: Called Strike 0-1: Ball 1-1: Swinging Strike 1-2: Ball 2-2: Fly out, F2 (Popup, 2LF, EV 93.1 MPH)
|
|
Batting: SHB Frank Amato
|
0-0: Called Strike 0-1: Foul Ball, location: 2F 0-2: Strikes out swinging
|
|
Batting: RHB Jung-wan Aan
|
0-0: Ball 1-0: Called Strike 1-1: Ball 2-1: SINGLE (Groundball, 56D, EV 101.9 MPH)
|
|
Batting: RHB Danny Pujols
|
0-0: Ball 1-0: Called Strike 1-1: Swinging Strike 1-2: Strikes out looking
|
| Top of the 5th over - 0 runs, 1 hit, 0 errors, 1 left on base; Victoria 0 - Americus 3 |
| BOTTOM OF THE 5TH |
|
Americus Braves batting - Pitching for Victoria Capitals : RHP Raul Lopez
|
|
Batting: LHB Ryan Murdock
|
0-0: Called Strike 0-1: Ground out 6-3 (Groundball, 6, EV 80.6 MPH)
|
|
Batting: RHB Josh McCormick
|
0-0: Called Strike 0-1: Swinging Strike 0-2: Ball 1-2: Strikes out swinging
|
|
Batting: RHB Terry Hughes
|
0-0: Ball 1-0: Ball 2-0: Swinging Strike 2-1: Called Strike 2-2: Ball 3-2: Strikes out looking
|
| Bottom of the 5th over - 0 runs, 0 hits, 0 errors, 0 left on base; Victoria 0 - Americus 3 |
| TOP OF THE 6TH |
|
Victoria Capitals batting - Pitching for Americus Braves : RHP Ioakim Mozgo
|
|
Batting: RHB David Greene
|
0-0: Hit by Pitch
|
|
Batting: LHB Addisu Nyamekye
|
0-0: Called Strike 0-1: Foul Ball, location: 2F 0-2: Fielders Choice at 2nd, 4-6 (Groundball, 4, EV 85.0 MPH)
|
|
Batting: LHB Taki Matsui
|
0-0: Called Strike 0-1: Foul Ball, location: 2F 0-2: Ball 1-2: Strikes out swinging
|
|
Batting: RHB Nick Edmunds
|
0-0: Called Strike 0-1: Ball Addisu Nyamekye is caught stealing 2nd base 2-4
|
| Top of the 6th over - 0 runs, 0 hits, 0 errors, 0 left on base; Victoria 0 - Americus 3 |
| BOTTOM OF THE 6TH |
|
Americus Braves batting - Pitching for Victoria Capitals : RHP Raul Lopez
|
|
Pitching: LHP Chris Wheeler
|
|
|
Batting: LHB Mark Dearth
|
0-0: Foul Ball, location: 2F 0-1: Foul Ball, location: 2F 0-2: Foul Ball, location: 2F 0-2: Ball 1-2: Ground out 4-3 (Groundball, 34D, EV 80.6 MPH)
|
|
Batting: LHB Tamaichi Sasada
|
0-0: Called Strike 0-1: Called Strike 0-2: Foul Ball, location: 2F 0-2: Ball 1-2: Strikes out swinging
|
|
Batting: RHB Gerard Michel
|
0-0: SOLO HOME RUN (Flyball, 7LD, EV 96.9 MPH), Distance : 360 ft
|
|
Batting: RHB George Provance
|
0-0: Ball 1-0: Called Strike 1-1: Called Strike 1-2: Foul Ball, location: 2F 1-2: Fly out, F8 (Line Drive, 8LM, EV 86.2 MPH)
|
| Bottom of the 6th over - 1 run, 1 hit, 0 errors, 0 left on base; Victoria 0 - Americus 4 |
| TOP OF THE 7TH |
|
Victoria Capitals batting - Pitching for Americus Braves : RHP Ioakim Mozgo
|
|
Batting: RHB Nick Edmunds
|
0-0: Ball 1-0: Ball 2-0: Fly out, F6 (Flyball, 5D, EV 82.5 MPH)
|
|
Batting: RHB Jesus Santiago
|
0-0: Called Strike 0-1: Ball 1-1: Foul Ball, location: 2F 1-2: Foul Ball, location: 2F 1-2: Fly out, F1 (Popup, P, EV 75.6 MPH)
|
|
Batting: SHB Ray Skogen
|
0-0: Ground out 4-3 (Groundball, 4, EV 78.8 MPH)
|
| Top of the 7th over - 0 runs, 0 hits, 0 errors, 0 left on base; Victoria 0 - Americus 4 |
| BOTTOM OF THE 7TH |
|
Americus Braves batting - Pitching for Victoria Capitals : LHP Chris Wheeler
|
|
Pitching: RHP Harry Hammons
|
|
|
Batting: RHB Joe Young
|
0-0: Foul Ball, location: 2F 0-1: Called Strike 0-2: Ball 1-2: Strikes out looking
|
|
Batting: SHB Jose Melendez
|
0-0: Ball 1-0: Fly out, F7 (Flyball, 7, EV 89.4 MPH)
|
|
Batting: LHB Ryan Murdock
|
0-0: Ball 1-0: Foul Ball, location: 2F 1-1: Foul Ball, location: 2F 1-2: Strikes out swinging
|
| Bottom of the 7th over - 0 runs, 0 hits, 0 errors, 0 left on base; Victoria 0 - Americus 4 |
| TOP OF THE 8TH |
|
Victoria Capitals batting - Pitching for Americus Braves : RHP Ioakim Mozgo
|
|
Batting: SHB Frank Amato
|
0-0: Ball 1-0: Ball 2-0: Called Strike 2-1: Foul Ball, location: 2F 2-2: Ball 3-2: SINGLE (Groundball, 6D, EV 102.5 MPH)
|
|
Batting: RHB Jung-wan Aan
|
0-0: Ball 1-0: SINGLE (Flyball, 4D, EV 88.1 MPH) Frank Amato to second Runner from 2nd tries for 3rd, OUT! 8-5
|
|
Batting: RHB Danny Pujols
|
0-0: Ball 1-0: Ball 2-0: Called Strike 2-1: Foul Ball, location: 2F 2-2: Strikes out swinging
|
|
Batting: RHB David Greene
|
0-0: Ball 1-0: Called Strike 1-1: Foul Ball, location: 2F 1-2: SINGLE (Groundball, 4MD, EV 107.5 MPH) Jung-wan Aan to second Runner from 2nd tries for 3rd, OUT! 8-5
|
| Top of the 8th over - 0 runs, 3 hits, 0 errors, 1 left on base; Victoria 0 - Americus 4 |
| BOTTOM OF THE 8TH |
|
Americus Braves batting - Pitching for Victoria Capitals : RHP Harry Hammons
|
|
Pitching: RHP Ramon Pedroza
|
|
|
Batting: RHB Josh McCormick
|
0-0: Ball 1-0: Called Strike 1-1: SINGLE (Line Drive, 8LS, EV 98.1 MPH)
|
|
Batting: RHB Terry Hughes
|
0-0: Ball 1-0: Called Strike 1-1: Called Strike 1-2: Ball 2-2: Strikes out swinging
|
|
Batting: LHB Mark Dearth
|
0-0: Swinging Strike 0-1: Fly out, F8 (Line Drive, 8RD, EV 93.8 MPH)
|
|
Batting: LHB Tamaichi Sasada
|
0-0: Ball 1-0: 2-RUN HOME RUN (Flyball, 9LD, EV 90.6 MPH), Distance : 343 ft
|
|
Batting: RHB Gerard Michel
|
0-0: Ball 1-0: Foul Ball, location: 2F 1-1: Fly out, F6 (Popup, 4M, EV 73.8 MPH)
|
| Bottom of the 8th over - 2 runs, 2 hits, 0 errors, 0 left on base; Victoria 0 - Americus 6 |
| TOP OF THE 9TH |
|
Victoria Capitals batting - Pitching for Americus Braves : RHP Ioakim Mozgo
|
|
Pitching: RHP Carlos Dominguez
|
|
|
Batting: LHB Addisu Nyamekye
|
0-0: Ground out U3 (Groundball, 3S, EV 88.8 MPH)
|
|
Batting: LHB Taki Matsui
|
0-0: Foul Ball, location: 2F 0-1: Swinging Strike 0-2: Ball 1-2: Strikes out looking
|
|
Batting: RHB Nick Edmunds
|
0-0: Ball 1-0: Ball 2-0: Foul Ball, location: 2F 2-1: Foul Ball, location: 2F 2-2: Ball 3-2: Strikes out swinging
|
| Top of the 9th over - 0 runs, 0 hits, 0 errors, 0 left on base; Victoria 0 - Americus 6 |
|